 Dungeon Crawl Stone Soup version 0.28.0-53-g5a82cb258f (webtiles) character file.

Game seed: 18410634317016143775

22 Sin92 the Magician (level 2, -1/20 HPs)
             Began as a Demonspawn Hedge Wizard on July 12, 2022.
             Slain by a gnoll
             ... wielding a +0 spear
              (5 damage)
             ... on level 2 of the Dungeon.
             The game lasted 00:01:37 (2117 turns).

Sin92 the Magician (Demonspawn Hedge Wizard)        Turns: 2117, Time: 00:01:38

Health: -1/20      AC:  3    Str: 10    XL:     2   Next: 68%
Magic:  3/6        EV: 11    Int: 15    God:
Gold:   75         SH:  4    Dex: 12    Spells: 6/7 levels left

rFire   . . .      SeeInvis .   d - +2 dagger (drain)
rCold   . . .      Faith    .   (no shield)
rNeg    . . .      Spirit   .   e - +0 leather armour
rPois   .          Reflect  .   c - +0 hat
rElec   .          Harm     .   (no cloak)
rCorr   .          Rampage  .   (no gloves)
Will    .....                   (no boots)
Stlth   ++........              (no amulet)
HPRegen 0.06/turn               (no ring)
MPRegen 0.10/turn               (no ring)

@: no status effects
A: condensation shield
a: no special abilities


You were on level 2 of the Dungeon.
You visited 1 branch of the dungeon, and saw 2 of its levels.

You collected 75 gold pieces.

Inventory:

Hand Weapons
 a - a +0 dagger
 d - a +2 dagger of draining (weapon)
Armour
 b - a +0 robe
 c - a +0 hat (worn)
 e - a +0 leather armour (worn)


   Skills:
 + Level 0.5 Fighting
 * Level 0.7 Short Blades
 + Level 1.9 Dodging
 * Level 2.2 Stealth
 + Level 3.0 Spellcasting
 + Level 1.2 Conjurations
 - Level 1.0 Summonings
 + Level 1.1 Translocations


You had 6 spell levels left.
You knew the following spells:

 Your Spells              Type           Power      Damage    Failure   Level
a - Magic Dart            Conj           24%        1d4       16%         1

Your spell library contained the following spells:

 Spells                   Type           Power      Damage    Failure   Level
 Slow                     Hex            8%         N/A       26%         1
 Blink                    Tloc           10%        N/A       26%         2
 Call Imp                 Summ           5%         N/A       26%         2
 Conjure Flame            Conj/Fire      4%         6-21      54%         3
 Mephitic Cloud           Conj/Pois/Air  3%         N/A       56%         3


Dungeon Overview and Level Annotations

Branches:
Dungeon (2/15)

Altars:


Innate Abilities, Weirdness & Mutations

A meltable shield of frost defends you. (SH +4)


Message History

You hit the hobgoblin.
The hobgoblin is heavily wounded.
You block the hobgoblin's attack.
You hit the hobgoblin.
You kill the hobgoblin!
A gnoll and a rat come into view.
Found a plate armour.
The gnoll hits you but does no damage.
You see here a hobgoblin corpse.
An adder comes into view.
Found a silver ring, 24 gold pieces and a scroll labelled ZUTEAN REBI.
The gnoll hits you from afar with a +0 spear.
The gnoll closely misses you.
Aiming: Magic Dart (safe; 16% risk of failure)
Press: ? - help, Q - select action Shift-Dir - straight line, f - gnoll
Aim: a gnoll, wielding a +0 spear and wearing an amulet of magic regeneration (100% to hit)
The magic dart hits the gnoll but does no damage.
The gnoll misses you.
Aiming: Magic Dart (safe; 16% risk of failure)
Press: ? - help, Q - select action Shift-Dir - straight line, f/p - gnoll
Aim: a gnoll, wielding a +0 spear and wearing an amulet of magic regeneration (100% to hit)
The magic dart hits the gnoll but does no damage.
The gnoll hits you from afar with a +0 spear!
Aiming: Magic Dart (safe; 16% risk of failure)
Press: ? - help, Q - select action Shift-Dir - straight line, f/p - gnoll
Aim: a gnoll, wielding a +0 spear and wearing an amulet of magic regeneration (100% to hit)
The magic dart hits the gnoll.
The gnoll is lightly wounded.
You block the gnoll's attack. The gnoll hits you with a +0 spear.
* * * LOW HITPOINT WARNING * * *
You hit the gnoll.
The gnoll is lightly wounded.
The gnoll completely misses you.
You hit the gnoll but do no damage. You drain the gnoll.
The gnoll is moderately wounded.
You block the gnoll's attack.
You hit the gnoll. You drain the gnoll.
The gnoll is heavily wounded.
The gnoll hits you with a +0 spear.
You die...

.........#
......$..#
.........#
.........#
.........#
.........######
....$..(.+...<####
........@.†......+
#...!####g####.###
#.. #.S.# .# #
#.....# .#
#.......#.#
...[..=$...#
..#......?#.#
..##.....##.#


You could see a gnoll (drained) and an adder.

Vanquished Creatures
  A ball python (D:1)
  2 bats (D:1)
  An endoplasm (D:1)
  4 goblins (D:1)
  5 hobgoblins
  A frilled lizard (D:1)
  3 kobolds (D:1)
  3 rats (D:1)
20 creatures vanquished.

Notes
Turn   | Place    | Note
-------+----------+-------------------------------------------
     0 | D:1      | Sin92 the Demonspawn Hedge Wizard began the quest for the
                  | Orb.
     0 | D:1      | Reached XP level 1. HP: 13/13 MP: 4/4
   417 | D:1      | Reached skill level 1 in Translocations
   971 | D:1      | Gained mutation: A meltable shield of frost defends you.
                  | (SH +4) [demonic ancestry]
   971 | D:1      | Reached XP level 2. HP: 19/19 MP: 6/6
  1491 | D:1      | Found a faded altar of an unknown god.
  2117 | D:2      | Slain by a gnoll

Illustrated notes

Levels and vault maps discovered:
D:1:      lemuel_arrival_funnel, layout_basic, ebering_ecumenical_altar_webs
D:2:      layout_basic, minmay_nonomino_d4, uniq_crazy_yiuf_cottage

Skill      XL: |  1 |
---------------+----+-----
Stealth        | 2 |  2.2
Translocations | 1 |  1.1
Fighting       | |  0.5
Short Blades   | |  0.7
Dodging        | |  1.9
Spellcasting   | |  3.0
Conjurations   | |  1.2
Summonings     | |  1.0

Action                   || total
-------------------------++-------
Melee: Dagger            ||    54
 Cast: Magic Dart        ||    20
 Stab: Sleeping          ||     1
Armor: Robe              ||     5
       Leather armour    ||     2
Dodge: Dodged            ||    22
Block: Other             ||    10
